cohdb
Replays
Latest Replays
All Replays
Popular Replays
Top Player Replays
Match Explorer
How It Works
Community
CoH3 Stats
Reddit
Sign in to upload your games and track your stats! →
Sign in with Steam
Match 36354412
Unlisted
Match 36354412
Overview
Messages
Build Orders
End
Construct Section Command Post
Selects Air and Sea Battlegroup
Dingo Light Scout Car
Infantry Section
Vickers Machine Gun Team
Infantry Section
Royal Engineer Section
Selects Supply Surplus
Construct Platoon Command Post
6-pounder Anti-tank Gun Team
Infantry Section
Grenade Package
Infantry Section
Vickers Machine Gun Team
Selects Centaur Medium Tank
Centaur Medium Tank
Royal Engineer Section
Unlock Bishop Self-propelled Artillery
Bishop Self-propelled Artillery
Centaur Medium Tank
Selects Naval Bombardment
Naval Bombardment
6-pounder Anti-tank Gun Team
Lighto
呆呆河马
킴스
那晚她才16
Kakamora
Yaas
冲锋大哥
XXxxxGxxxXX
0
0
Comments
sign in to comment!
No comments posted yet!